 Dungeon Crawl Stone Soup version 0.22-a0-525-gf69a080 (webtiles) character file.

317 inc the Cudgeler (level 6, 43/52 HPs)
             Began as a Naga Warper on June 20, 2018.
             Quit the game on level 4 of the Dungeon.
             The game lasted 00:07:27 (3195 turns).

inc the Cudgeler (Naga Warper)                      Turns: 3195, Time: 00:07:28

Health: 43/52      AC:  6    Str: 18    XL:     6   Next: 45%
Magic:  9/9        EV:  9    Int: 15    God:
Gold:   97         SH:  0    Dex: 11    Spells: 9/9 levels left

rFire    . . .     SeeInvis +   a - +0 mace
rCold    . . .     Gourm    .   (no shield)
rNeg     . . .     Faith    .   b - +0 leather armour
rPois    +         Spirit   .   o - +1 helmet
rElec    .         Reflect  .   (no cloak)
rCorr    .         Harm     .   q - +0 pair of gloves
MR       .....                  (no barding)
Stlth    +.........             (no amulet)
HPRegen  0.17/turn              (no ring)
MPRegen  0.11/turn              (no ring)

@: mighty, mildly poisoned (43 -> 36), short of breath, very slightly
contaminated, hasted, invisible, quick
A: large, see invisible, deformed body, poison resistance, slowness 2, slow
metabolism 1, spit poison 1, AC +2
a: Spit Poison


You were on level 4 of the Dungeon.
You were hungry.

You visited 1 branch of the dungeon, and saw 4 of its levels.

You collected 97 gold pieces.

Inventory:

Hand Weapons
 a - a +0 mace (weapon)
Missiles
 e - 5 tomahawks of dispersal (quivered)
Armour
 b - a +0 leather armour (worn)
 g - a -1 leather armour
 o - a +1 helmet (worn)
 q - a +0 pair of gloves (worn)
Jewellery
 v - a +3 ring of protection {unknown}
Scrolls
 d - a scroll of blinking
 h - 3 scrolls of amnesia {unknown}
 k - 2 scrolls of remove curse
 l - 5 scrolls of teleportation
 m - a scroll of magic mapping {unknown}
 n - a scroll of fog {unknown}
 s - a scroll of enchant weapon {unknown}
 t - a scroll of enchant armour {unknown}
 u - a scroll of immolation {unknown}
 x - a scroll of identify {unknown}
Potions
 c - a potion of might
 i - a potion of lignification {unknown}
 j - a potion of ambrosia
 p - a potion of agility {unknown}
Comestibles
 f - 8 rations


   Skills:
 - Level 2.0 Fighting
 + Level 6.6 Maces & Flails
 - Level 0.8 Throwing
 - Level 0.7 Armour
 - Level 1.5 Dodging
 - Level 2.0 Spellcasting
   Level 3.0 Translocations


You had 9 spell levels left.
You didn't know any spells.
Your spell library contained the following spells:

 Spells                   Type           Power        Failure   Level  Hunger
 Teleport Other           Tloc           ##......     22%         3    ###....
 Blink                    Tloc           N/A          12%         2    ###....
 Passage of Golubria      Tloc           N/A          58%         4    #####..
 Shroud of Golubria       Chrm/Tloc      #.........   22%         2    ###....
 Gell's Gravitas          Tloc           ##........   22%         3    ###....
 Lesser Beckoning         Tloc           ##........   22%         3    ###....


Dungeon Overview and Level Annotations

Branches:
Dungeon (4/15)
 Temple: D:4-7

Altars:
Ashenzari
Elyvilon
Kikubaaqudgha
Sif Muna
The Shining One

Annotations:
D:4 2 transporters


Innate Abilities, Weirdness & Mutations

You cannot wear boots.
Your serpentine skin is tough. (AC +2)
You have supernaturally acute eyesight. (SInv)
Armour fits poorly on your strangely shaped body.
Your system is resistant to poisons. (rPois)
You cover ground very slowly.
You have a slow metabolism.
You can spit poison.


Message History

Your experience leads to an increase in your attributes!
Your base attributes are Str 13, Int 14, Dex 11.
Increase (S)trength, (I)ntelligence, or (D)exterity?
You feel clever.
Your skin feels tougher.
You feel sick.
A giant cockroach comes into view.
You feel sick.
Things that are here:
a scythe of venom; a robe; a grey potion You feel sick.
Found an escape hatch in the floor.
You feel sick.
Press: ? - help, Shift-Dir - straight line, f - giant cockroach
Aim: a giant cockroach (clinging, hasn't noticed you)
The splash of poison hits the giant cockroach.
The giant cockroach is moderately wounded.
You feel slightly more hungry.
You feel sick.
Are you sure you want to abandon this character and quit the game? (Confirm with "yes".)
Okay, then.
Are you sure you want to abandon this character and quit the game? (Confirm with "yes".)

#...####+####..#
#...#≈..)..≈#..#
#...#8P$©$P8#..#
#...#########..#
###.......©......#
>####................#.
........)###..>........
######....#
###.##.####.
.......@..# #.##.# .
.#####....# #.##.#
......# #.##.# ###....#
#.##.# ...... ..##.#
##....## #..#.# #....#
##..## ######


There were no monsters in sight!

Vanquished Creatures
  Sigmund (D:4)
  Ijyb (D:3)
  5 adders
  An ooze (D:2)
  An adder skeleton (D:3)
  3 worms
  3 dart slugs
  3 leopard geckos
  2 orcs (D:3)
  5 bats
  6 giant cockroaches
  9 goblins
  8 hobgoblins
  2 jackals (D:2)
  7 kobolds
  A quokka (D:3)
  2 ball pythons
  5 frilled lizards
  4 rats
69 creatures vanquished.

Notes
Turn   | Place    | Note
-------+----------+-------------------------------------------
     0 | D:1      | inc the Naga Warper began the quest for the Orb.
     0 | D:1      | Reached XP level 1. HP: 19/19 MP: 3/3
    77 | D:1      | You fall through a shaft!
   168 | D:2      | Reached XP level 2. HP: 9/26 MP: 5/5
   477 | D:2      | Reached skill level 3 in Maces & Flails
   509 | D:2      | Reached XP level 3. HP: 27/32 MP: 6/6
  1168 | D:2      | Reached skill level 4 in Maces & Flails
  1332 | D:3      | Found a shattered altar of Ashenzari.
  1360 | D:1      | Reached XP level 4. HP: 37/39 MP: 7/7
  1993 | D:3      | Noticed Ijyb
  2010 | D:3      | Killed Ijyb
  2410 | D:3      | Reached skill level 5 in Maces & Flails
  2469 | D:3      | Reached XP level 5. HP: 41/45 MP: 8/8
  2768 | D:3      | Found a white marble altar of Elyvilon.
  2768 | D:3      | Found a deep blue altar of Sif Muna.
  2797 | D:3      | Found an ancient bone altar of Kikubaaqudgha.
  2799 | D:3      | Found a glowing golden altar of the Shining One.
  2802 | D:3      | Found a shattered altar of Ashenzari.
  3129 | D:4      | Found a transporter.
  3147 | D:4      | Found a transporter.
  3167 | D:4      | Noticed Sigmund
  3190 | D:4      | Killed Sigmund
  3190 | D:4      | Reached skill level 6 in Maces & Flails
  3190 | D:4      | Reached XP level 6. HP: 48/52 MP: 9/9
  3195 | D:4      | Quit the game

Vault maps used:
D:1:      dpeg_cavernosity
D:2:      first_ration
D:3:      chequers_temple_overflow_minitemple, cheibrodos_ashenzari_chains,
          uniq_ijyb
D:4:      gammafunk_wand_slinger, chequers_ossuary_entry_cave, uniq_sigmund,
          uniq_crazy_yiuf_cottage, uniq_grinder

Skill      XL: |  1  2  3  4  5 |
---------------+----------------+-----
Maces & Flails | 3 4 5 6 |  6.6
Fighting       | |  2.0
Throwing       | |  0.8
Armour         | |  0.7
Dodging        | |  1.5
Spellcasting   | |  2.0
Translocations | |  3.0

Action                   |  1- 3 |  4- 6 || total
-------------------------+-------+-------++-------
Melee: Mace              |    44 |    99 ||   143
 Abil: Spit Poison       |    30 |    44 ||    74
  Use: Scroll            |       |     2 ||     2
       Potion            |       |     5 ||     5
 Stab: Invisible         |       |     1 ||     1
  Eat: Chunk             |     2 |     7 ||     9
Armor: Leather armour    |     7 |    28 ||    35
Dodge: Dodged            |    36 |    56 ||    92

Table legend:
 A = Spawn XP
 B = Non-spawn XP
 C = Spawn XP percentage of total XP
 D = Spawn monster count
 E = Non-spawn monster count
 F = Spawn count percentage of total count
 G = Total turns spent on level
                    A         B        C        D         E        F      G
               +---------+---------+-------+---------+---------+-------+---------
         Total |       0 |     454 |   0.0 |       0 |      69 |   0.0 |  3195
               +---------+---------+-------+---------+---------+-------+---------
           D:1 |       0 |      32 |   0.0 |       0 |      18 |   0.0 |   658
           D:2 |       0 |      76 |   0.0 |       0 |      23 |   0.0 |  1297
           D:3 |       0 |     125 |   0.0 |       0 |      26 |   0.0 |  1166
           D:4 |       0 |     221 |   0.0 |       0 |       2 |   0.0 |    74
               +---------+---------+-------+---------+---------+-------+---------
